 Dungeon Crawl Stone Soup version 0.14-a0-2162-g062a2ce (webtiles) character file.

399 4tharraofdagon the Covered (level 5, 0/42 HPs)
             Began as a Djinni Fighter on Jan 28, 2014.
             Slain by Menkaure (7 damage)
             ... on Level 4 of the Dungeon.
             The game lasted 00:08:50 (1639 turns).

4tharraofdagon the Covered (Djinni Fighter)         Turns: 1639, Time: 00:08:51

HP   0/42        AC  9     Str 17 (18) XL: 5   Next: 70%
MP   0/0         EV  4     Int  8      God:
Gold 172         SH 18     Dex 12      Spells:  0 memorised,  4 levels left

rFire  + + +     SeeInvis .     o - -1,+0 orc falchion
rCold  x . .     Clarity  .     d - +0 elf chain mail
rNeg   + + +     Conserve .     c - +0 shield
rPois  .         rCorr    .     (no helmet)
rElec  .         rRot     .     (no cloak)
SustAb . .       Spirit   .     (no gloves)
rMut   .         Warding  .     (boots unavailable)
Saprov . . .     Stasis   .     (no amulet)
MR     .....                    (no ring)
                                (no ring)

@: flying, mildly poisoned, not resistant to hostile enchantments, extremely
unstealthy
A: fire immunity, cold vulnerability, life protection 3
a: no special abilities


You were on level 4 of the Dungeon.
You were not hungry.

You visited 1 branch of the dungeon, and saw 4 of its levels.

You collected 172 gold pieces.

Inventory:

Hand weapons
 a - a +1,-2 falchion
 k - a +2 blowgun
 o - a -1,+0 orcish falchion (weapon)
 s - a +1,+0 short sword of venom
Missiles
 f - 27 poisoned needles
 i - 22 darts (quivered)
Armour
 b - a +0 scale mail
 c - a +0 shield (worn)
 d - a +0 elven chain mail (worn)
 g - a -2 scale mail
 h - a -1 cloak
Scrolls
 e - a scroll of blinking {unknown}
 j - 2 scrolls of teleportation
 l - a scroll of enchant weapon II {unknown}
 m - a scroll of curse weapon {unknown}
 q - a scroll of fear
 r - a scroll of recharging {unknown}
 t - a scroll of random uselessness {unknown}
Potions
 n - a potion of invisibility
 p - a potion of curing


   Skills:
 + Level 3.8 Fighting
 * Level 4.4 Long Blades
 + Level 4.4 Armour
 - Level 3.0 Shields


You had 4 spell levels left.
You didn't know any spells.

Dungeon Overview and Level Annotations

Branches:
Dungeon (4/16)
 Temple: D:4-7

Altars:
Dithmengos
Yredelemnul

Annotations:
D:4 Menkaure


Innate Abilities, Weirdness & Mutations

You are immune to all types of fire, even holy and hellish.
You are vulnerable to cold.
You need no food.
You have no legs.
You are immune to negative energy.


Message History

You feel sick. You block Menkaure's attack.
You hit Menkaure.
Menkaure is lightly damaged.
You feel sick. Menkaure barely misses you.
You hit Menkaure but do no damage.
Menkaure is lightly damaged.
Menkaure casts a spell at you. Pain shoots through your body!
You closely miss Menkaure.
Menkaure is lightly damaged.
You block Menkaure's attack.
You closely miss Menkaure.
Menkaure is lightly damaged.
Menkaure hits you!
* * * LOW HITPOINT WARNING * * *
Your shield and chain mail prevent you from hitting Menkaure.
Menkaure is lightly damaged.
* * * LOW HITPOINT WARNING * * *
You feel sick. Menkaure hits you!
You die...

### #.#
#.# #.#
#.# #.#
####
##.##.....
###..M..#
#...@#
......##.#
### ##.#
#..# #.##
#.# #.#
#.# ###
#.#


You could see Menkaure.

Vanquished Creatures
  A jelly (D:3)
  Terence (D:3)
  A worker ant zombie (D:2)
  A gnoll (D:3)
  7 adders
  An inept feature mimic (D:2)
  2 worms (D:3)
  10 orcs (D:3)
  6 bats
  2 goblins
  14 hobgoblins
  9 kobolds
  A ball python (D:1)
  3 giant cockroaches
  2 giant geckos
  A giant gecko zombie (D:2)
  2 giant newts
  A goblin skeleton (D:2)
  A jackal zombie (D:2)
  6 rats
  A rat zombie (D:2)
73 creatures vanquished.

Notes
Turn   | Place    | Note
--------------------------------------------------------------
     0 | D:1      | 4tharraofdagon, the Djinni Fighter, began the quest for the Orb.
     0 | D:1      | Reached XP level 1. HP: 16/16 MP: 0/0
    25 | D:1      | Noticed a shark
   179 | D:1      | Reached XP level 2. EP: 19/22
   619 | D:2      | Reached XP level 3. EP: 22/28
   626 | D:2      | Found a basalt altar of Yredelemnul.
   794 | D:2      | Reached XP level 4. EP: 25/35
   900 | D:3      | Noticed Terence
   905 | D:3      | Reached skill level 4 in Armour
   939 | D:3      | Killed Terence
  1156 | D:3      | Found a shadowy altar of Dithmengos.
  1166 | D:3      | WHY
  1207 | D:3      | Reached XP level 5. EP: 38/41
  1604 | D:4      | Paralysed by a potion of paralysis for 4 turns
  1630 | D:4      | Noticed Menkaure
  1639 | D:4      | Slain by Menkaure

Action                   |  1- 3 |  4- 6 || total
-------------------------+-------+-------++-------
Melee: Falchion          |   153 |   213 ||   366
  Use: Potion            |     3 |     5 ||     8
       Scroll            |     3 |     2 ||     5
